 Dungeon Crawl Stone Soup version 0.29-a0-925-g0a7a3d12f8 (webtiles) character file.

Game seed: 10371853420152684782

124 Newt the Twirler (level 5, -1/26 (42) HPs)
             Began as a Meteoran Gladiator on July 28, 2022.
             Was an Initiate of Gozag.
             Killed by nerve-wracking pain
             ... invoked by an orc priest
              (3 damage)
             ... on level 4 of the Dungeon.
             The game lasted 00:05:05 (1926 turns).

Newt the Twirler (Meteoran Gladiator)               Turns: 1926, Time: 00:05:06

HP:   -1/26 (42)    AC:  5    Str: 18    XL:     5   Next: 56%
MP:   6/6           EV: 28    Int:  9    God:    Gozag
Gold: 163           SH:  0    Dex: 15    Spells: 4/4 levels left

rFire   . . .      SeeInvis .   a - +0 quarterstaff
rCold   . . .      Faith    .   (shield currently unavailable)
rNeg    . . .      Spirit   .   b - +0 leather armour
rPois   .          Reflect  .   c - +1 helmet
rElec   .          Harm     .   (no cloak)
rCorr   .          Rampage  .   (no gloves)
Will    .....                   (no boots)
Stlth   +.........              p - amulet of the acrobat
HPRegen 0.08/turn               m - ring of wizardry
MPRegen 0.10/turn               (no ring)

@: acrobatic, glowing, very heavily drained
A: sense surroundings 1, otherworldly, glowing, explore regen
a: Renounce Religion, Potion Petition, Call Merchant, Bribe Branch


You were on level 4 of the Dungeon.
You worshipped Gozag.
Gozag was aware of your devotion.
You visited 1 branch of the dungeon, and saw 4 of its levels.

You collected 251 gold pieces.
You spent 26 gold pieces at shops.
You paid 62 gold pieces to Gozag.

Inventory:

Hand Weapons
 a - a +0 quarterstaff (weapon)
Missiles
 d - 3 throwing nets (quivered)
 e - a javelin
 o - 5 poisoned darts
Armour
 b - a +0 leather armour (worn)
 c - a +1 helmet (worn)
Jewellery
 m - a ring of wizardry (left hand)
 p - an amulet of the acrobat (around neck)
Scrolls
 h - a scroll of blinking {unknown}
 q - a scroll of poison
 r - 4 scrolls of identify
Potions
 f - 2 potions of lignification
 g - 2 potions of curing
 i - a potion of invisibility {unknown}
 j - a potion of ambrosia
 k - 3 potions of haste
 l - a potion of resistance {unknown}
 n - 2 potions of magic {unknown}


   Skills:
 + Level 2.7 Fighting
 + Level 5.1 Staves
 + Level 2.7 Throwing
 + Level 1.9 Armour
 + Level 4.6 Dodging


You had 4 spell levels left.
You didn't know any spells.
Your spell library contained the following spells:

 Spells                   Type           Power      Damage    Failure   Level
 Necrotise                Necr           0%         1d4       19%         1
 Dazzling Flash           Conj/Hex       0%         N/A       47%         3
 Vampiric Draining        Necr           0%         2d6       47%         3
 Agony                    Necr           0%         N/A       99%         5
 Silence                  Hex/Air        0%         N/A       99%         5


Dungeon Overview and Level Annotations

Branches:
Dungeon (4/15) Zot: 660
 Temple: D:4-7

Altars:
Gozag
Trog

Shops:
D:3 *


Innate Abilities, Weirdness & Mutations

You passively map a small area around you.
You are easily found by Zot.
You glow in the dark.
You regain HP and MP as you explore.


Message History

You see here a +0 club.
Found a stone staircase leading up.
There is a stone staircase leading up here.
You see here 4 stones.
You have lingered too long.
Zot senses you.
Dive deeper or flee this branch before you suffer!
There is a stone staircase leading down here.
You climb downwards.
As you enter the new level, Zot loses track of you.
Found a book of Necromancy and 11 gold pieces.
There is a stone staircase leading up here.
You now have 163 gold pieces (gained 11).
You pick up a book of Necromancy and begin reading...
You add the spells Necrotise and Vampiric Draining to your library. 2 orc priests come into view.
The orc priest shouts!
You hear a shout!
An orc priest comes into view. It is wielding a +0 club.
The orc priest moves out of view.
The orc priest mumbles some strange prayers to Beogh against you.
Beogh smites you!
You hear a shout!
An orc comes into view. It is wielding a +0 short sword.
The orc shouts!
The orc priest casts a cantrip, but nothing happens.
A kobold comes into view. It is wielding a +3 short sword.
Found a garnet ring.
The kobold shouts!
The teleport trap disappears.
The orc wizard disappears!
The orc priest misses you.
Unknown command.
The orc priest attacks as you move away!
The orc priest closely misses you.
The orc priest mumbles some strange prayers to Beogh against you.
Beogh smites you!
Ouch! That really hurt!
* * * LOW HITPOINT WARNING * * *
You hear an angry hiss.
The orc priest invokes the aid of Beogh against you.
Pain shoots through your body!
You die...
Your body crumbles into a pile of gold.

+...... , , * , #.*
*#.....# , , #. #...K.# ,
, * #.# #...oo# ,#.# *
*#o####^### P #.#
#.o....... ..### #.#
##.#......
,.....#.#########.# ####.
*
P.##..#.........@.#####*
P........................
.##...<....##.######....
, ##.#.###.##.# , .. , ,
#.#.# #.##.# *, , , * , #
#+# #.##.# , , , #.##.# ,
, , ...... , , , , *
...... ,, , ,


You could see an orc priest.

Vanquished Creatures
  7 adders (D:2)
  An orc (D:3)
  4 ball pythons
  5 endoplasms
  A giant cockroach (D:1)
  8 goblins
  8 hobgoblins
  3 kobolds
  3 quokkas (D:2)
  9 bats
  2 frilled lizards
  7 rats
58 creatures vanquished.

Notes
Turn   | Place    | Note
-------+----------+-------------------------------------------
     0 | D:1      | Newt the Meteoran Gladiator began the quest for the Orb.
     0 | D:1      | Reached XP level 1. HP: 17/17 MP: 2/2
    28 | D:1      | Reached XP level 2. HP: 20/24 MP: 3/3
    74 | D:1      | Reached skill level 4 in Staves
   128 | D:1      | Reached XP level 3. HP: 26/30 MP: 4/4
   451 | D:2      | Reached XP level 4. HP: 21/37 MP: 5/5
   484 | D:2      | Reached skill level 1 in Armour
   624 | D:2      | Reached XP level 5. HP: 40/42 MP: 6/6
  1088 | D:2      | Glimpsed the power of Zot.
  1165 | D:3      | Found an opulent altar of Gozag.
  1202 | D:3      | Reached skill level 5 in Staves
  1368 | D:3      | Became a worshipper of Gozag Ym Sagoz the Greedy
  1422 | D:3      | Found Cesut's General Store.
  1430 | D:3      | Bought a scroll of identify for 26 gold pieces
  1495 | D:3      | Found a bloodstained altar of Trog.
  1686 | D:3      | Glimpsed the power of Zot.
  1736 | D:3      | Glimpsed the power of Zot.
  1776 | D:3      | Glimpsed the power of Zot.
  1786 | D:3      | Touched by the power of Zot.
  1887 | D:3      | Glimpsed the power of Zot.
  1926 | D:4      | Killed from afar by an orc priest

Illustrated notes

Levels and vault maps discovered:
D:1:      wander_arrival_chamber, layout_rooms, basic_ecumenical_altar
D:2:      layout_basic, nicolae_elevator_lobby_asterisk, uniq_sigmund
D:3:      layout_loops_cross, amcnicky_altar_gilded,
          mainiacjoe_overflow_chevrons, serial_shops, shop_statue,
          minmay_curled_crystal
D:4:      layout_basic, lemuel_tele_altar, mainiacjoe_overflow_paths,
          mainiacjoe_overflow_cross_hatched

Skill      XL: |  1  2  3  4  5 |
---------------+----------------+-----
Dodging        | 4 |  4.6
Staves         | 4 5 |  5.1
Armour         | 1 |  1.9
Fighting       | |  2.7
Throwing       | |  2.7

Action                   |  1- 3 |  4- 6 || total
-------------------------+-------+-------++-------
Melee: Quarterstaff      |    75 |   106 ||   181
  Use: Scroll            |       |     9 ||     9
Armor: Leather armour    |    36 |    37 ||    73
Dodge: Dodged            |    66 |    63 ||   129

Table legend: (Time is in decaauts)
 A = Elapsed time spent in this place.
 B = Non-inter-level travel time spent in this place.
 C = Inter-level travel time spent in this place.
 D = Time resting spent in this place.
 E = Time spent auto-exploring this place.
 F = Levels seen in this place.
 G = Mean time per level.
                   A        B        C        D        E       F      G
               +--------+--------+--------+--------+--------+-----+--------+
         Total |   1939 |   1795 |    144 |    200 |   1132 |   4 |  484.8 |
       Dungeon |   1939 |   1795 |    144 |    200 |   1132 |   4 |  484.8 |
               +--------+--------+--------+--------+--------+-----+--------+

Top non-repeatable levels by time:
     D:2: 884 daAuts
     D:3: 789 daAuts
     D:1: 242 daAuts
     D:4: 21 daAuts
